 Dungeon Crawl Stone Soup version 0.20.0-6-gd3061e9 (webtiles) character file.

16 Larmestyx the Sneak (level 2, -2/13 HPs)
             Began as a Vine Stalker Enchanter on May 28, 2017.
             Slain by an adder (3 damage)
             ... on level 2 of the Dungeon.
             The game lasted 00:03:02 (531 turns).

Larmestyx the Sneak (Vine Stalker Enchanter)         Turns: 531, Time: 00:03:02

Health: -2/13      AC:  2    Str: 10    XL:     2   Next: 58%
Magic:  0/6        EV: 12    Int: 15    God:
Gold:   30         SH:  0    Dex: 14    Spells: 4/5 levels left

rFire    . . .     SeeInvis .   a - +1 dagger
rCold    . . .     Gourm    .   (no shield)
rNeg     . . .     Faith    .   b - +0 robe
rPois    .         Spirit   +   (no helmet)
rElec    .         Reflect  .   (no cloak)
rCorr    .         Harm     .   (no gloves)
MR       .....                  (no boots)
Stlth    +++.......             (no amulet)
Regen    0.1/turn               (no ring)
MPRegen  0.1/turn               (no ring)

@: lethally poisoned (-2 -> -11)
A: fangs 2, magic shield, antimagic bite, no potion heal 3, rot immunity
a: no special abilities


You were on level 2 of the Dungeon.
You were not hungry.

You visited 1 branch of the dungeon, and saw 2 of its levels.

You collected 30 gold pieces.

Inventory:

Hand Weapons
 a - a +1 dagger (weapon)
Armour
 b - a +0 robe (worn)
Scrolls
 e - a scroll of teleportation {unknown}
 f - a scroll of random uselessness {unknown}
Potions
 g - a potion of lignification {unknown}
 h - a potion of mutation {unknown}
 i - a potion of curing {unknown}
Books
 c - a book of Maledictions

   Spells                             Type                      Level
   a - Corona                         Hexes                        1
   b - Ensorcelled Hibernation        Hexes/Ice                    2
   c - Confuse                        Hexes                        3
   d - Tukima's Dance                 Hexes                        3
   e - Dazzling Spray                 Conjuration/Hexes            3
Comestibles
 d - a bread ration


   Skills:
 * Level 1.1 Short Blades
 + Level 1.6 Dodging
 + Level 3.8 Stealth
 + Level 2.4 Spellcasting
 + Level 3.3 Hexes


You had 4 spell levels left.
You knew the following spells:

 Your Spells              Type           Power        Failure   Level  Hunger
a - Corona                Hex            ##.....      5%          1    #......


Dungeon Overview and Level Annotations

Branches:
Dungeon (2/15)

Altars:
Elyvilon


Innate Abilities, Weirdness & Mutations

You have extremely sharp teeth.
When hurt, damage is shared between your health and your magic reserves.
Your bite disrupts and absorbs the magic of your enemies.
Potions cannot restore your health.
You are immune to rotting.


Message History

You barely miss the adder. Your bite misses the adder.
The adder is severely wounded.
You feel sick.
The frilled lizard bites the fungus.
The kobold closely misses you. The adder completely misses you.
The adder bites the fungus.
You closely miss the adder.
The adder is severely wounded.
The frilled lizard bites the fungus.
The kobold misses you. The adder bites you.
The adder bites the fungus.
You barely miss the adder.
The adder is severely wounded.
* * * LOW HITPOINT WARNING * * *
You feel sick. The adder misses you.
The frilled lizard bites the fungus.
The kobold hits you.
* * * LOW HITPOINT WARNING * * *
The adder bites the fungus.
You closely miss the adder.
The adder is severely wounded.
The adder bites you.
You die... .PPPPPS

lP$$$P## #P$$$P.#
###P$$$P.#
####..PPPPP.#
..........(.####.
......K.#...#.... #
#@......... #
#.S...#.... #
#?....#.... #
###....$... #
##......%..( ##
#.......####
.##############.......#
......................#
..#################...#


You could see 2 adders, a kobold and a frilled lizard.

Vanquished Creatures
  A leopard gecko (D:1)
  2 bats
  A giant cockroach (D:1)
  4 hobgoblins (D:1)
  2 jackals (D:1)
  2 kobolds (D:1)
  A rat (D:1)
13 creatures vanquished.

Notes
Turn   | Place    | Note
-------+----------+-------------------------------------------
     0 | D:1      | Larmestyx the Vine Stalker Enchanter began the quest for the Orb.
     0 | D:1      | Reached XP level 1. HP: 9/9 MP: 4/4
   221 | D:1      | Reached skill level 1 in Short Blades
   221 | D:1      | Reached XP level 2. HP: 13/13 MP: 6/6
   485 | D:2      | Found a white marble altar of Elyvilon.
   531 | D:2      | Slain by an adder

Skill      XL: |  1 |
---------------+----+-----
Short Blades   | 1 |  1.1
Dodging        | |  1.6
Stealth        | |  3.8
Spellcasting   | |  2.4
Hexes          | |  3.3

Action                   || total
-------------------------++-------
Melee: Dagger            ||    34
       Bite              ||     4
 Stab: Sleeping          ||     5
Armor: Robe              ||     2
Dodge: Dodged            ||    25
